[Event "US Open 2021"]
[Site "Crowne Plaza Cherry Hill, United States"]
[Date "2021.08.03"]
[Round "4.7"]
[White "Zeltsan, Joseph"]
[Black "Bruzon Batista, Lazaro"]
[Result "1/2-1/2"]
[TimeControl "40/100;SD/30;+30"]
[BlackTitle "GM"]
[WhiteElo "2404"]
[BlackElo "2725"]

1. e4 e5 2. Nf3 Nc6 3. Bb5 Nf6 4. O-O Nxe4 5. d4 Nd6 6.
Bxc6 dxc6 7. dxe5 Nf5 8. Qxd8+ Kxd8 9. Nc3 Bd7 10. Rd1 Kc8 11. b3 Be7 12. Bb2 h5 13. Ne2 a5 14. a4 c5 15. Nf4 Ra6 16. Rd3 c4 17. bxc4 Rc6 18.
Rxd7 Kxd7 19. e6+ Rxe6 20. Nxe6 fxe6 21. Rd1+ Kc8 22. Re1 Rh6 23.
Bc1 Rg6 24. Ne5 Rf6 25. Bg5 Bb4 26. Re4 Rf8 27. Nd3 Bc3 28. c5 Nd4 29. h4 Rf5 30. Bd2 Bxd2 31. Rxd4 Bc3 32. Rc4 Bf6 33.
Kf1 c6 34. Ke2 Kd7 35. f3 Rd5 36. Re4 Rd4 37. Rxd4+ Bxd4 38. g4 e5 39. c3 Bxc3 40. Ke3 Ke6 41. Ke4 g5 42. hxg5 h4 43. f4 exf4 44. Nxf4+ Kf7 45. g6+ Kf6 46. g7 Kxg7 47. Ne6+ Kf6 48. Nd8 h3 49. Kf3 Be5 50.
Nxb7 Bc7 51. Kf2 Kf7 52. Kg1 Ke6 53. Kh1 Kf6 54. Kg1 Ke6 55. Kh1 Kd7 56. g5 Ke6 57. g6 Kf6 58. Nd6 Kxg6 59. Nc8 Kf6 60. Na7 Ke6 61. Nxc6 Kd5 62. Nxa5 Bxa5 63. Kh2 Kxc5 64. Kxh3 Kb4 65. Kg4 Kxa4 1/2-1/2

[Event "US Open 2021"]
[Site "Crowne Plaza Cherry Hill, United States"]
[Date "2021.08.03"]
[Round "4.8"]
[White "Gledura, Benjamin"]
[Black "Katz, Alexander"]
[Result "1-0"]
[TimeControl "40/100;SD/30;+30"]
[WhiteTitle "GM"]
[BlackTitle "IM"]
[WhiteElo "2721"]
[BlackElo "2510"]

1. Nf3 d5 2. g3 g6 3. Bg2 Bg7 4.
d4 Nf6 5. O-O c6 6. c3 O-O 7. a4 Nbd7 8. a5 Re8 9.
c4 Ne4 10. cxd5 cxd5 11. Qb3 e5 12. Nc3 exd4 13. Nxe4 dxe4 14. Ng5 Ne5 15. Nxe4 Be6 16. Qxb7 Rb8 17. Qxa7 Re7 18. Qc5 Rc7 19. Bg5 Qc8 20. Qd6 h6 21.
Bf6 Nc4 22. Qxd4 Bf8 23. a6 Ra8 24. b3 Rxa6 25. Rxa6 Qxa6 26. bxc4 Rxc4 27. Qe3 Bf5 28. Ba1 Ra4 1-0

[Event "US Open 2021"]
[Site "Crowne Plaza Cherry Hill, United States"]
[Date "2021.08.03"]
[Round "4.9"]
[White "Mabe, Chris"]
[Black "Lenderman, Aleksandre"]
[Result "0-1"]
[TimeControl "40/100;SD/30;+30"]
[BlackTitle "GM"]
[WhiteElo "2245"]
[BlackElo "2703"]

1. c4 b6 2. Nc3 Bb7 3. e4 e6 4. g3 f5 5. d3 Nf6 6. Bg2 Bc5 7. Nge2 fxe4 8.
dxe4 O-O 9. Nf4 e5 10. Nd3 Bd4 11. O-O Bxc3 12. bxc3 d6 13. Qe2 Nc6 14. Rb1 Na5 15. Rd1 Qe7 16.
Nb4 Qf7 17. c5 dxc5 18. Nd5 Nxd5 19. exd5 Rad8 20. Rb2 Bxd5 21. Rbd2 c6 22. Rxd5 cxd5 23. Bg5 Rd7 24. Qxe5 d4 25.
cxd4 Re8 0-1

[Event "US Open 2021"]
[Site "Crowne Plaza Cherry Hill, United States"]
[Date "2021.08.03"]
[Round "4.10"]
[White "Burke, John Michael"]
[Black "Grasso, David"]
[Result "1-0"]
[TimeControl "40/100;SD/30;+30"]
[WhiteTitle "GM"]
[WhiteElo "2640"]
[BlackElo "2252"]

1. e4 e5 2. Nf3 Nc6 3. Bb5 a6 4. Ba4 Nf6 5. O-O b5 6. Bb3 Bb7 7. Re1 Bc5 8. c3 d6 9. d4 Bb6 10. a4 h6 11. Be3 Ng4 12. Bd5 O-O 13. Na3 Nxe3 14. fxe3 bxa4 15. Qxa4 Na5 16. b4 Bxd5 17. bxa5 1-0

[Event "US Open 2021"]
[Site "Crowne Plaza Cherry Hill, United States"]
[Date "2021.08.03"]
[Round "4.11"]
[White "Fishbein, Alexander"]
[Black "Cooklev, Steven T"]
[Result "1-0"]
[TimeControl "40/100;SD/30;+30"]
[WhiteTitle "GM"]
[WhiteElo "2537"]
[BlackElo "2216"]

1. c4 Nf6 2. Nf3 e6 3. g3 d5 4.
Bg2 c5 5. cxd5 exd5 6. d4 Nc6 7. O-O Be7 8. Nc3 O-O 9. dxc5 Bxc5 10. Na4 Be7 11. Be3 Bg4 12. Rc1 Re8 13.
Nd4 Qd7 14. Nxc6 bxc6 15. Bd4 h5 16.
f3 Bf5 17. Rf2 Nh7 18. Nc5 Qd6 19. Nb3 Qg6 20. Bc5 Bf6 21. Nd4 Bxd4 22. Bxd4 Ng5 23. b4 a5 24. b5 cxb5 25. Bb2 Rad8 26.
Qd4 Ne6 27. Qb6 h4 28. g4 Nf4 29.
Qxa5 Qg5 30. Bf1 Bg6 31. Rd1 Ne6 32. Qd2 Qxd2 33. Rxd2 b4 34. e3 Ra8 35. Rxd5 Rxa2 36. Bc4 Raa8 37. Rb5 Rab8 38. Rxb8 Rxb8 39. Bxe6 fxe6 40. Rd2 Rb7 41. e4 Be8 42. Kf2 Ba4 43.
Rd4 Kf7 44. Ke3 g5 45. Rc4 Be8 46. Rc5 Kg6 47. Ke2 Bb5+ 48. Kf2 Be8 49. Ke3 Rb5 50. Rc8 Bf7 51. f4 gxf4+ 52. Kxf4 Ra5 53.
Rb8 Rc5 54. Bd4 Rc2 55. Rh8 Rxh2 56. g5 e5+ 57. Bxe5 Ba2 58. Rh6+ Kf7 59. g6+ Ke7 60. g7 Rg2 61. Rxh4 b3 62.
Bb2 Kf7 {[%emt 00:00: